 Dungeon Crawl Stone Soup version 0.31.0-32-g396128a36d (webtiles) character file.

Game seed: 13475546343550163634

32151 Jinxx the Thaumaturge (level 13, -6/91 (93) HPs)
             Began as a Demonspawn Ice Elementalist on Apr 6, 2024.
             Was a High Priest of Qazlal.
             Mangled by Mlioglotl (16 damage)
             ... on level 1 of the Swamp.
             The game lasted 01:18:17 (15442 turns).

Jinxx the Thaumaturge (DsIE)                       Turns: 15442, Time: 01:18:19

HP:   -6/91 (93)    AC: 25    Str:  8    XL:     13   Next: 29%
MP:   12/26         EV: 10    Int: 19    God:    Qazlal [*****.]
Gold: 817           SH:  6    Dex: 19    Spells: 12/31 levels left

rFire   . . .        d - +8 whip "Snakebite" {venom, curare, rPois}
rCold   . . .        (no shield)
rNeg    . . .        O - +4 scale mail "Rucvaoz" {rElec Will- Regen+ Dex+3}
rPois   +            (helmet unavailable)
rElec   +            i - +1 cloak
rCorr   .            Z - +2 pair of gloves
SInv    .            S - +1 pair of boots
Will    .....        (no amulet)
Stlth   +            T - +4 ring of slaying
HPRegen 1.15/turn    u - ring of wizardry
MPRegen 0.20/turn

%: repel missiles, wizardry (x1)
@: ice-armoured, about to teleport, protected from physical damage, very
slightly contaminated, lightly drained
A: horns 3, powered by death 1, demonic magic 2
a: Renounce Religion, Upheaval, Elemental Force, Disaster Area


You were on level 1 of the Swamp.
You worshipped Qazlal.
Qazlal was extremely pleased with you.
You visited 4 branches of the dungeon, and saw 15 of its levels.
You also visited: Sewer.

You collected 817 gold pieces.

Inventory:

Hand Weapons
 d - the +8 whip "Snakebite" (weapon) {venom, curare, rPois}
   (You took it off Amaemon on level 8 of the Dungeon)

   rPois:     It protects you from poison
Missiles
 r - 6 boomerangs
 P - 11 poisoned darts
 V - 20 darts of dispersal
 Y - a curare-tipped dart
Armour
 i - a +1 cloak (worn)
 O - the +4 scale mail "Rucvaoz" (worn) {rElec Will- Regen+ Dex+3}
   (You found it on level 6 of the Dungeon)

   Dex+3:     It affects your dexterity (+3).
   rElec:     It insulates you from electricity.
   Will-:     It decreases your willpower.
   Regen+:    It increases your rate of health regeneration.
 S - a +1 pair of boots (worn)
 Z - a +2 pair of gloves (worn)
Jewellery
 u - a ring of wizardry (right hand)
 w - a ring of protection from cold
 x - a ring of willpower
 D - a +6 ring of dexterity
 F - a ring of positive energy
 R - a ring of willpower
 T - a +4 ring of slaying (left hand)
Wands
 g - a wand of light (5)
 l - a wand of flame (9)
 m - a wand of mindburst (6)
 q - a wand of iceblast (28)
 s - a wand of polymorph (9)
 E - a wand of digging (6)
 X - a wand of charming (8)
Scrolls
 a - 2 scrolls of amnesia {unknown}
 c - 11 scrolls of teleportation
 v - 5 scrolls of enchant weapon
 z - 2 scrolls of noise {unknown}
 C - 4 scrolls of poison
 J - 2 scrolls of revelation {unknown}
 K - 4 scrolls of vulnerability {unknown}
 W - 3 scrolls of immolation {unknown}
Potions
 b - 3 potions of magic
 e - 2 potions of curing
 f - 3 potions of might
 h - a potion of ambrosia {unknown}
 k - 4 potions of degeneration
 n - a potion of mutation {unknown}
 o - 2 potions of invisibility
 p - 2 potions of cancellation
 A - 2 potions of enlightenment
 G - 4 potions of lignification
 H - a potion of heal wounds
 I - a potion of brilliance {unknown}
 Q - a potion of berserk rage {unknown}
 U - 4 potions of attraction


   Skills:
 * Level 6.0 Fighting
 - Level 3.8 Short Blades
 * Level 3.9 Maces & Flails
 + Level 2.2 Throwing
 * Level 5.7 Armour
 * Level 5.8 Dodging
 + Level 5.0 Stealth
 + Level 0.9 Shields
 * Level 9.6 Spellcasting
 * Level 5.2 Summonings
 * Level 6.7 Necromancy
 * Level 4.4 Translocations
 * Level 9.3 Ice Magic
 * Level 6.3 Invocations
 * Level 6.4 Evocations


You had 12 spell levels left.
You knew the following spells:

 Your Spells              Type           Power      Damage    Failure   Level
a - Freeze                Ice            100%       1d10      1%          1
b - Frozen Ramparts       Ice            88%        1d14      1%          3
c - Ozocubu's Armour      Ice            44%        N/A       1%          3
d - Haunt                 Necr/Summ      15%        N/A       100%        7
e - Blink                 Tloc           52%        N/A       6%          2
f - Summon Ice Beast      Ice/Summ       36%        N/A       4%          3

Your spell library contained the following spells:

 Spells                   Type           Power      Damage    Failure   Level
 Lesser Beckoning         Tloc           52%        N/A       6%          2
 Momentum Strike          Conj/Tloc      34%        3d8       16%         2
 Shock                    Conj/Air       36%        1d5       24%         1
 Volatile Blastmotes      Fire/Tloc      34%        2d12      28%         3
 Dazzling Flash           Conj/Hex       18%        N/A       56%         3
 Swiftness                Air            9%         N/A       56%         3
 Metabolic Englaciation   Hex/Ice        13%        N/A       65%         5
 Airstrike                Air            4%         2d(1-17)  91%         4
 Leda's Liquefaction      Alch/Erth      4%         N/A       91%         4
 Petrify                  Alch/Erth      9%         N/A       91%         4
 Starburst                Conj/Fire      4%         6d4       100%        6
 Borgnjor's Revivificati  Necr           17%        N/A       100%        8
 Maxwell's Capacitive Co  Air            4%         ∞         100%        8
 Death's Door             Necr           17%        N/A       100%        9


Dungeon Overview and Level Annotations

Branches:
Dungeon (10/15)            Temple (1/1) D:6            Lair (3/5) D:10
  Swamp (1/4) Lair:3       Spider (0/4) Lair:3        Sewer (visited)
    Orc: D:9-12

Altars:
Ashenzari
Cheibriados
Dithmenos
Fedhas
Gozag
Hepliaklqana
Kikubaaqudgha
Makhleb
Nemelex Xobeh
Okawaru
Qazlal
Ru
Sif Muna
Trog
Uskayaw
Vehumet
Wu Jian
Xom
Yredelemnul

Annotations:
Swamp:1 Donald, Mlioglotl


Innate Abilities, Weirdness & Mutations

You have a pair of large horns on your head.
You regenerate a little health from kills.
Spells you cast may paralyse nearby enemies.


Message History

Mlioglotl churns violently!
Mlioglotl seems to grow stronger.
The bunyip is engulfed in spectral mist.
The spectral spriggan air mage hits you.
The alligator is engulfed in spectral mist.
Aiming: Freeze (safe; 1% risk of failure)
Press: ? - help, Q - select action, (/) - cycle Shift-Dir - straight line
Okay, then.
Aiming: Freeze (safe; 1% risk of failure)
Press: ? - help, Q - select action, (/) - cycle Shift-Dir - straight line
Okay, then.
Aiming: Freeze (safe; 1% risk of failure)
Press: ? - help, Q - select action, (/) - cycle Shift-Dir - straight line, f - Mlioglotl
Aim: Mlioglotl (strong)
You miscast Freeze.
You are very lightly contaminated with residual magic.
Nothing appears to happen.
You feel ready to blink again.
The bunyip is engulfed in spectral mist.
You block Mlioglotl's attack. Mlioglotl tramples you!!
* * * LOW HITPOINT WARNING * * *
You hold your ground!
The ghost crab breathes spectral mist at you.
The spectral mist engulfs the spectral spriggan berserker.
The alligator is engulfed in spectral mist.
The spectral spriggan air mage hits you but does no damage.
You feel much better.
The spectral spriggan air mage fades away!
Mlioglotl is engulfed in a thunderstorm.
Mlioglotl churns violently!
Mlioglotl corrupts the dungeon around him!
The alligator is engulfed in spectral mist.
The alligator dies!
The bunyip claws you! The bunyip claws you!!
* * * LOW HITPOINT WARNING * * *
The bunyip claws you!
* * * LOW HITPOINT WARNING * * *
Mlioglotl is engulfed in a thunderstorm.
Mlioglotl closely misses you. Mlioglotl tramples you!
You die...

~~..Z§~.♣.~≈≈≈..~
.....$.☼♣.☼≈≈≈♣.♣
.≈.<..≈≈☼.☼~≈♣♣.♣♣
≈≈≈≈≈≈≈○☼°°~♣♣...♣♣
≈≈≈≈≈≈≈§○..○♣°....♣♣
≈≈≈≈≈Y☼≈≈..°°☼.~~~~♣
≈≈≈≈≈ll§.♣○°☼☼○°...♣
≈≈≈≈≈≈li°l§t§§~Z~~♣
.≈≈≈≈.≈Z○Z♣§§Z§x@X♣
~.....○○x○♣♣♣♣..°♣§..♣
...~~~~@.♣♣ ♣z~○° .♣♣
.♣...~~~☼♣ ♣.~.~♣ ♣
♣♣......♣ ♣~..♣♣
♣~...~~. ♣♣.~♣
.§..♣.~.. ...♣
♣~~~....~♣ ...~
♣~~~...♣♣♣


You could see Mlioglotl (strong), a bunyip, an alligator, a ghost crab, a
spectral spriggan berserker (summoned), a spectral fenstrider witch (summoned)
and a laughing skull (summoned, wandering).

Vanquished Creatures
  A bunyip (Lair:3)
  An alligator (Lair:3)
  4 two-headed ogres
  Amaemon (D:8)
  2 skysharks
  A lindwurm (Lair:2)
  A swamp dragon (Lair:3)
  Maurice (D:8)
  4 elephants (Lair:2)
  4 black mambas
  2 torpor snails (Lair:3)
  6 cane toads
  An orange demon (D:8)
  6 komodo dragons
  2 trolls
  6 dream sheep
  9 blink frogs (Lair:3)
  Sigmund (D:3)
  A shadow (D:10)
  34 yaks
  6 wyverns
  A basilisk (Lair:2)
  5 steam dragons
  6 vampire mosquitoes (Lair:3)
  10 water moccasins
  4 orc warriors
  An ice beast (D:6)
  A sky beast (D:6)
  15 wolves
  2 centaurs
  6 kobold brigands
  A phantom (D:6)
  2 brain worms (Sewer)
  16 bullfrogs
  3 scorpions
  12 killer bees
  A howler monkey (D:4)
  An electric eel (Lair:3)
  2 lava snakes (D:9)
  A jelly (D:6)
  2 hounds
  2 gnoll boudas (D:9)
  3 orc priests
  A sleepcap (D:6)
  Jessica (D:3)
  Ijyb (D:3)
  4 iguanas
  5 orc wizards
  9 gnolls (D:9)
  5 river rats
  15 adders
  2 shadow imps
  2 ufetubi (D:7)
  5 dart slugs
  5 ribbon worms
  34 orcs
  3 endoplasms (D:4)
  6 giant cockroaches
  11 goblins
  5 hobgoblins
  3 jackals (D:1)
  3 quokkas
  6 ball pythons
  4 bats
  6 frilled lizards
  20 kobolds
  10 rats
357 creatures vanquished.

Vanquished Creatures (collateral kills)
  An elephant (Lair:2)
  2 komodo dragons (Lair:2)
  3 dream sheep (Lair:2)
  A yak (Lair:1)
  A basilisk (Lair:2)
8 creatures vanquished.

Vanquished Creatures (others)
  An alligator (Swamp:1)
  A bloated husk (Swamp:1)
  A hornet (Swamp:1)
  A spriggan (Swamp:1)
  An orc wizard (D:6)
5 creatures vanquished.

Grand Total: 370 creatures vanquished

Notes
Turn   | Place    | Note
-------+----------+-------------------------------------------
     0 | D:1      | Jinxx the Demonspawn Ice Elementalist began the quest for
                  | the Orb.
     0 | D:1      | Reached XP level 1. HP: 13/13 MP: 3/3
   106 | D:1      | Found a faded altar of an unknown god.
   267 | D:1      | Gained mutation: Spells you cast may paralyse adjacent
                  | enemies. [demonic ancestry]
   267 | D:1      | Reached XP level 2. HP: 11/19 MP: 1/5
   716 | D:1      | Reached XP level 3. HP: 24/24 MP: 4/6
  1567 | D:2      | Learned a level 3 spell: Frozen Ramparts
  1570 | D:2      | Gained mutation: You have a pair of small horns on your
                  | head. [demonic ancestry]
  1570 | D:2      | Reached XP level 4. HP: 30/30 MP: 7/7
  1938 | D:2      | Reached skill level 1 in Short Blades
  2199 | D:3      | Noticed Ijyb
  2305 | D:2      | Learned a level 3 spell: Ozocubu's Armour
  2315 | D:3      | Noticed Sigmund
  2321 | D:3      | Killed Ijyb
  2322 | D:3      | Reached XP level 5. HP: 19/36 MP: 1/9
  2464 | D:3      | Killed Sigmund
  2465 | D:3      | Reached skill level 1 in Fighting
  2465 | D:3      | Reached skill level 1 in Armour
  2465 | D:3      | Reached skill level 1 in Evocations
  2465 | D:3      | Gained mutation: Spells you cast may paralyse nearby
                  | enemies. [demonic ancestry]
  2465 | D:3      | Reached XP level 6. HP: 43/43 MP: 3/10
  2748 | D:3      | Noticed Jessica
  2756 | D:3      | Killed Jessica
  4210 | D:5      | Entered Level 5 of the Dungeon
  4406 | D:5      | Found a glowing drain.
  4453 | Sewer    | Entered a sewer
  4678 | Sewer    | Reached XP level 7. HP: 37/48 MP: 2/12
  4812 | Sewer    | Reached skill level 5 in Ice Magic
  5386 | D:5      | Noticed a wyvern
  5409 | D:5      | Killed a wyvern
  5637 | D:5      | Gained mutation: You have a pair of horns on your head.
                  | [demonic ancestry]
  5637 | D:5      | Reached XP level 8. HP: 56/56 MP: 7/14
  6127 | D:6      | Identified the +4 scale mail "Rucvaoz" {rElec Will- Regen+
                  | Dex+3}
  6419 | D:6      | Found a staircase to the Ecumenical Temple.
  6426 | Temple   | Entered the Ecumenical Temple
  6445 | Temple   | Became a worshipper of Qazlal Stormbringer
  6480 | D:6      | Reached skill level 5 in Spellcasting
  6545 | Temple   | Learned a level 7 spell: Haunt
  7219 | D:7      | Reached skill level 1 in Necromancy
  7219 | D:7      | Reached skill level 1 in Invocations
  7260 | D:7      | Reached XP level 9. HP: 61/62 MP: 12/16
  7327 | D:7      | Reached skill level 1 in Summonings
  8225 | D:7      | Reached * piety under Qazlal
  8374 | D:8      | Noticed Amaemon
  8375 | D:8      | Noticed an orange demon
  8383 | D:8      | Killed an orange demon
  8391 | D:8      | Killed Amaemon
  8392 | D:8      | Reached skill level 1 in Throwing
  9122 | D:8      | You fall into a shaft and drop 1 floor!
  9175 | D:9      | Reached XP level 10. HP: 71/71 MP: 12/19
  9360 | D:8      | Noticed Maurice
  9372 | D:8      | Killed Maurice
  9524 | D:8      | Learned a level 2 spell: Blink
  9789 | D:9      | Reached skill level 1 in Translocations
  9794 | D:9      | Noticed a two-headed ogre
  9824 | D:9      | Killed a two-headed ogre
  9995 | D:9      | Reached skill level 1 in Maces & Flails
 10059 | D:9      | Reached ** piety under Qazlal
 10100 | D:9      | Noticed a two-headed ogre
 10112 | D:9      | Killed a two-headed ogre
 10279 | D:9      | Found an ornate altar of the Wu Jian Council.
 10385 | D:10     | Entered Level 10 of the Dungeon
 10627 | D:10     | Learned a level 3 spell: Summon Ice Beast
 10658 | D:10     | Noticed a two-headed ogre
 10666 | D:10     | Killed a two-headed ogre
 10667 | D:10     | Gained mutation: You have a pair of large horns on your
                  | head. [demonic ancestry]
 10667 | D:10     | Reached XP level 11. HP: 61/78 MP: 15/22
 10849 | D:10     | Noticed a two-headed ogre
 10856 | D:10     | Killed a two-headed ogre
 10927 | D:10     | Found a staircase to the Lair.
 11133 | Lair:1   | Entered Level 1 of the Lair of Beasts
 11357 | Lair:1   | Reached *** piety under Qazlal
 11360 | Lair:1   | Reached skill level 5 in Necromancy
 11471 | Lair:1   | Reached skill level 5 in Evocations
 11609 | Lair:1   | You fall into a shaft and drop 1 floor!
 11668 | Lair:2   | Reached skill level 5 in Dodging
 11685 | Lair:2   | Reached skill level 5 in Fighting
 11804 | Lair:2   | Reached skill level 5 in Invocations
 12016 | Lair:2   | Reached XP level 12. HP: 59/86 MP: 7/24
 12125 | Lair:2   | Reached skill level 5 in Armour
 13286 | Lair:1   | Reached **** piety under Qazlal
 14163 | Lair:3   | Gained mutation: You regenerate a little health from kills.
                  | [demonic ancestry]
 14163 | Lair:3   | Reached XP level 13. HP: 93/93 MP: 16/26
 14169 | Lair:3   | Reached skill level 5 in Summonings
 14435 | Lair:3   | Found a staircase to the Swamp.
 14807 | Lair:3   | Reached skill level 5 in Stealth
 14812 | Lair:3   | Reached ***** piety under Qazlal
 14890 | Lair:3   | Found a hole to the Spider Nest.
 15129 | Swamp:1  | Entered Level 1 of the Swamp
 15129 | Swamp:1  | Noticed a bunyip
 15294 | Lair:3   | Killed a bunyip
 15432 | Swamp:1  | Noticed Donald
 15432 | Swamp:1  | Noticed a bunyip
 15438 | Swamp:1  | Noticed Mlioglotl
 15442 | Swamp:1  | Mangled by Mlioglotl

Illustrated notes

Levels and vault maps discovered:
D:1:      dpeg_arrival_central, layout_basic,
          ebering_ecumenical_altar_abandoned, serial_bayou_crossing
D:2:      layout_loops_corners, st_stairs_4, nicolae_wormholes
D:3:      layout_loops_corners, minmay_door_square, uniq_jessica, uniq_sigmund,
          uniq_ijyb
D:4:      layout_loops_cross
D:5:      layout_basic, portal_sewer_entry_a
D:6:      kennysheep_steamy, layout_rooms, minmay_temple_entry_wispy, hex_tiny,
          eino_tiny_chamber
D:7:      layout_cave_pools, minmay_unpleasant_kobolds
D:8:      layout_cave_pods, minivault_11, uniq_amaemon, uniq_maurice
D:9:      layout_basic, mainiacjoe_overflow_alcove_2, kennysheep_generic_room_2
D:10:     layout_gridville, david_lair_shrubbed, serial_rivers,
          chequers_serial_rivers_small_3, chequers_serial_rivers_small_a,
          chequers_serial_rivers_micro_b, chequers_serial_rivers_small_a,
          chequers_serial_rivers_large_b
Temple:   nicolae_temple_the_god_donut
Lair:1:   layout_roguey, minivault_23
Lair:2:   layout_hall_layers, nicolae_lair_lindhole,
          infiniplex_staircase_pool_2, grunt_megastairs_2
Lair:3:   layout_cave_shapes, minmay_swamp_entry_swarm,
          spider_nest_entry_web_field, chequers_serial_rivers_room_b,
          chequers_serial_rivers_small_b, grunt_megastairs_1
Swamp:1:  layout_basic_swamp, evilmike_swamp_ruin_house_3,
          infiniplex_staircase_pool, nicolae_swamp_tree_isthmus, uniq_mlioglotl,
          uniq_donald, uniq_roxanne

Skill      XL: |  1  2  3  4  5  6  7  8  9 10 11 12 13 |
---------------+----------------------------------------+-----
Stealth        | 2 3 4 5 |  5.0
Ice Magic      | 4 5 6 7 8 9 |  9.3
Dodging        | 2 3 4 5 |  5.8
Short Blades   | 1 2 3 |  3.8
Fighting       | 1 2 3 4 5 6 |  6.0
Armour         | 1 2 3 4 5 |  5.7
Spellcasting   | 3 4 5 6 7 8 9 |  9.6
Evocations     | 1 2 3 4 5 6 |  6.4
Necromancy     | 1 2 4 5 6 |  6.7
Invocations    | 1 3 4 5 6 |  6.3
Summonings     | 2 3 4 5 |  5.2
Throwing       | 1 2 |  2.2
Translocations | 2 3 4 |  4.4
Maces & Flails | 1 2 3 |  3.9
Shields        | |  0.9

Action                     |  1- 3 |  4- 6 |  7- 9 | 10-12 | 13-15 || total
---------------------------+-------+-------+-------+-------+-------++-------
  Melee: Dagger            |    47 |    79 |   157 |       |       ||   283
         Headbutt          |       |    33 |    38 |    60 |    10 ||   141
         Punch             |       |     4 |     7 |     3 |       ||    14
         Whip              |       |    63 |    63 |   197 |    33 ||   356
  Throw: Dart              |       |       |    27 |    25 |     2 ||    54
         Boomerang         |       |       |     1 |    33 |       ||    34
   Cast: Freeze            |    30 |     5 |     7 |    64 |    27 ||   133
         Frozen Ramparts   |       |    13 |    40 |    52 |     9 ||   114
         Ozocubu's Armour  |       |    10 |    26 |    37 |     9 ||    82
         Summon Ice Beast  |       |       |       |    15 |     3 ||    18
         Blink             |       |       |       |     1 |     4 ||     5
  Evoke: Wand              |       |       |     2 |     5 |     1 ||     8
    Use: Potion            |       |       |     9 |       |     1 ||    10
         Scroll            |       |       |     5 |     4 |     4 ||    13
   Stab: Sleeping          |     3 |     6 |     5 |       |       ||    14
         Paralysed         |     4 |     5 |    13 |    33 |    10 ||    65
         Distracted        |       |       |     1 |       |       ||     1
 Armour: Robe              |    37 |    86 |    68 |       |       ||   191
         Ring mail         |       |       |    65 |       |       ||    65
         Skin              |       |       |    14 |       |       ||    14
         Scale mail        |       |       |    12 |   152 |    83 ||   247
  Dodge: Dodged            |    34 |    71 |   141 |    77 |    36 ||   359
  Block: Other             |       |       |       |    28 |    18 ||    46
